AoeStats
← Laiklik

Arena

509322100Analyzed
2v2 RM · 5d ago on Sep 26, 2026· 68m 34s· 4 players
Game mode
Random Map
Map size
Medium (4 player)
Population
200
Speed
Normal
Resources
Standard
Victory
Conquest
Starting age
Dark Age
Ending age
Imperial Age
RankedLock teamsTeams togetherTeam positionsShared explorationLock speedFull tech treeHidden civsTurbo modeCheats
Victory
Defeat
🇹🇷 Chinese · Türkiye
958
+15
🇹🇷 Tatars · Türkiye
951
+15
🇿🇦 Vikings · South Africa
945
-46
🇷🇴 Bohemians · Romania
915
-14
Jama
11:05 Feudal Age
15:34 Castle Age
13:42 Horse Collar
16:22 Double-Bit Axe
19:46 Bow Saw
20:08 Heavy Plow
24:32 Loom
25:23 Wheelbarrow
24:35 Town Watch
27:41 Masonry
28:42 Chemistry
30:15 Imperial Age
28:55 Fletching
29:05 Padded Archer Armor
29:20 Murder Holes
29:41 Fortified Wall
30:47 Forging
30:35 Bodkin Arrow
30:56 Leather Archer Armor
30:53 Forging
30:44 Scale Mail Armor
32:19 Two-Man Saw
34:03 Houfnice
35:10 Wagenburg Tactics
34:39 Pikeman
35:20 Squires
35:42 Chain Mail Armor
41:41 Bracer
42:11 Ring Archer Armor
42:09 Conscription
42:38 Iron Casting
42:33 Plate Mail Armor
42:27 Town Patrol
42:46 Hand Cart
44:35 Halberdier
49:55 Blast Furnace
52:50 Bracer
53:35 Ring Archer Armor
52:45 Elite Hussite Wagon
64:52 Siege Engineers
67:34 Ballistics
CivicLotus1610
direwolf6431
1:07 Loom
13:45 Feudal Age
17:54 Castle Age
16:18 Stone Mining
16:16 Double-Bit Axe
16:38 Horse Collar
27:57 Fervor
28:16 Sanctity
29:23 Gold Mining
30:43 Fletching
30:53 Padded Archer Armor
31:00 Heavy Plow
31:55 Wheelbarrow
34:58 Imperial Age
33:04 Hand Cart
34:37 Husbandry
34:47 Bloodlines
35:09 Forging
34:55 Bodkin Arrow
35:15 Leather Archer Armor
35:01 Scale Mail Armor
35:06 Scale Barding Armor
35:53 Gold Shaft Mining
35:57 Stone Shaft Mining
36:25 Theocracy
36:23 Illumination
36:16 Block Printing
36:35 Bow Saw
37:03 Iron Casting
36:38 Man-at-Arms
36:38 Pikeman
37:04 Arson
37:20 Squires
38:49 Conscription
38:34 Great Wall
39:45 Two-Man Saw
38:48 Bracer
39:18 Ring Archer Armor
39:03 Chain Mail Armor
39:09 Chain Barding Armor
39:12 Caravan
38:52 Cavalier
39:33 Husbandry
38:57 Light Cavalry
41:01 Bloodlines
42:22 Blast Furnace
40:44 Long Swordsman
42:22 Town Watch
43:26 Town Patrol
43:59 Plate Mail Armor
42:55 Two-Handed Swordsman
42:56 Halberdier
42:56 Elite Fire Lancer
42:59 Heavy Rocket Cart
43:07 Heavy Scorpion
45:47 Coinage
45:56 Plate Barding Armor
46:49 Elite Chu Ko Nu
47:52 Rocketry
47:20 Champion
48:13 Fortified Wall
49:04 Chemistry
48:25 Ballistics
47:55 Heated Shot
48:17 Masonry
48:02 Murder Holes
48:49 Banking
49:48 Sappers
53:00 Spies/Treason
Laiklik
11:15 Feudal Age
15:11 Castle Age
14:10 Double-Bit Axe
16:16 Horse Collar
20:29 Wheelbarrow
20:28 Bow Saw
22:11 Heavy Plow
23:21 Scale Barding Armor
24:53 Hand Cart
25:04 Forging
24:50 Stone Mining
24:52 Gold Mining
28:58 Iron Casting
28:46 Chain Barding Armor
28:17 Fletching
28:45 Caravan
29:14 Silk Armor
33:26 Imperial Age
33:21 Iron Casting
32:42 Bodkin Arrow
32:47 Padded Archer Armor
34:00 Gold Shaft Mining
33:45 Elite Keshik
35:12 Bracer
35:59 Ballistics
36:41 Chemistry
36:16 Conscription
36:04 Heavy Cavalry Archer
36:49 Loom
37:30 Timurid Siegecraft
38:19 Leather Archer Armor
38:40 Plate Barding Armor
39:05 Blast Furnace
38:08 Treadmill Crane
39:58 Bloodlines
39:52 Husbandry
42:01 Ring Archer Armor
41:26 Elite Skirmisher
49:33 Scale Mail Armor
50:07 Crop Rotation
Connection lost

Rejoining the realm…

Still unreachable

The connection could not be restored.

Session expired

The server has moved on; the page needs a fresh start.